 Dungeon Crawl Stone Soup version 0.24.0-13-gcf9b319 (webtiles) character file.

Game seed: 1193658398512505414, levelgen mode: deterministic

467 DrKleor the Twirler (level 7, -8/56 HPs)
             Began as a Formicid Fighter on Jan 2, 2020.
             Mangled by a mummy (14 damage)
             ... in an ossuary.
             The game lasted 00:07:07 (2942 turns).

DrKleor the Twirler (Formicid Fighter)              Turns: 2942, Time: 00:07:09

Health: -8/56      AC:  8    Str: 28    XL:     7   Next: 30%
Magic:  7/7        EV:  4    Int:  7    God:
Gold:   204        SH:  0    Dex: 10    Spells: 6/6 levels left

rFire    . . .     SeeInvis +   a - +0 quarterstaff
rCold    . . .     Gourm    .   c - +0 shield
rNeg     . . .     Faith    .   b - +0 scale mail
rPois    .         Spirit   .   (helmet unavailable)
rElec    .         Reflect  .   (no cloak)
rCorr    .         Harm     .   (no gloves)
MR       .....                  l - +0 pair of boots
Stlth    ..........             (no amulet)
HPRegen  0.18/turn              (no ring)
MPRegen  0.10/turn              (no ring)

@: mighty, marked, held
A: permanent stasis, dig shafts and tunnels, four strong arms, antennae 3
a: Dig, Shaft Self


You were in an ossuary.
You were not hungry.

You visited 1 branch of the dungeon, and saw 4 of its levels.
You also visited: Ossuary.

You collected 204 gold pieces.

Inventory:

Hand Weapons
 a - a +0 quarterstaff (weapon)
Armour
 b - a +0 scale mail (worn)
 c - a +0 shield (worn)
 l - a +0 pair of boots (worn)
Scrolls
 h - 2 scrolls of noise {unknown}
 i - 2 scrolls of immolation {unknown}
 m - 2 scrolls of teleportation {unknown}
 n - 2 scrolls of magic mapping {unknown}
 p - a scroll of remove curse {unknown}
 q - a scroll of identify {unknown}
 s - a scroll of enchant weapon {unknown}
 v - a scroll of random uselessness {unknown}
Potions
 e - 3 potions of heal wounds
 g - a potion of brilliance {unknown}
 j - a potion of magic {unknown}
 k - a potion of lignification {unknown}
 o - a potion of resistance {unknown}
 r - a potion of curing {unknown}
 t - a potion of flight {unknown}
Comestibles
 f - 7 rations
 u - a chunk of flesh


   Skills:
 - Level 5.0 Fighting
 + Level 6.6 Staves
 - Level 3.2 Armour
 - Level 3.6 Shields


You had 6 spell levels left.
You didn't know any spells.
Your spell library was empty.

Dungeon Overview and Level Annotations

Branches:
Dungeon (4/15)            Ossuary (1/1)
 Temple: D:4-7

Altars:
Trog


Innate Abilities, Weirdness & Mutations

You cannot be hasted, slowed, berserked, paralysed or teleported.
You can dig through walls and to a lower floor.
Your four strong arms can wield two-handed weapons with a shield.
You have a pair of large antennae on your head. (SInv)


Message History

You destroy the mummy!
You block the centaur zombie's attack. The centaur zombie hits you.
* * * LOW HITPOINT WARNING * * *
The big kobold zombie fails to trigger a net trap.
You sock the centaur zombie!
The centaur zombie is moderately damaged.
The centaur zombie hits you but does no damage.
You block the centaur zombie's attack.
You thump the centaur zombie!
The centaur zombie is almost destroyed.
The centaur zombie fails to trigger a net trap.
The centaur zombie barely misses you.
You block the big kobold zombie's attack.
The mummy drops a net on you. A large net falls onto you!
You become entangled in the net!
You struggle against the net.
The centaur zombie hits you but does no damage.
The big kobold zombie barely misses you.
The mummy hits you!
You die...

#....^..#
##...^.##
#.......#
##.....##
#.......#
##...^^##
#.MZ....#
##MM...##
#@Z^.^..#
##Z....##
.......#
#.....##
.....^.#
#.....##
#^^^..#
.....!


You could see 3 mummies, a big kobold zombie and 2 centaur zombies.

Vanquished Creatures
  2 ogres (D:4)
  A howler monkey (D:4)
  A centaur zombie (Ossuary)
  An orc wizard (D:3)
  A big kobold zombie (Ossuary)
  2 mummies
  5 adders
  2 oozes
  3 worms
  2 dart slugs (D:1)
  2 leopard geckos
  4 orcs (D:3)
  2 ball pythons (D:3)
  6 giant cockroaches
  10 goblins
  9 hobgoblins
  9 jackals (D:3)
  3 kobolds
  2 quokkas
  9 bats
  3 frilled lizards
  A kobold zombie (D:4)
  6 rats
86 creatures vanquished.

Notes
Turn   | Place    | Note
-------+----------+-------------------------------------------
     0 | D:1      | DrKleor the Formicid Fighter began the quest for the Orb.
     0 | D:1      | Reached XP level 1. HP: 18/18 MP: 1/1
   251 | D:1      | Reached XP level 2. HP: 24/24 MP: 2/2
   577 | D:1      | Reached XP level 3. HP: 30/30 MP: 3/3
   736 | D:2      | Reached skill level 3 in Staves
   972 | D:2      | Reached XP level 4. HP: 37/37 MP: 4/4
  1956 | D:3      | Reached XP level 5. HP: 43/43 MP: 5/5
  2055 | D:3      | Reached skill level 5 in Fighting
  2062 | D:3      | Reached skill level 4 in Staves
  2196 | D:3      | Found a bloodstained altar of Trog.
  2695 | D:4      | Noticed an ogre
  2707 | D:4      | Killed an ogre
  2707 | D:4      | Reached skill level 5 in Staves
  2707 | D:4      | Reached XP level 6. HP: 23/51 MP: 6/6
  2790 | D:4      | Noticed an ogre
  2808 | D:4      | Killed an ogre
  2808 | D:4      | Reached skill level 6 in Staves
  2808 | D:4      | Reached XP level 7. HP: 34/56 MP: 7/7
  2893 | D:4      | Found a sand-covered staircase.
  2901 | Ossuary  | Entered an ossuary
  2942 | Ossuary  | Mangled by a mummy

Levels and vault maps discovered:
D:1:      eino_arrival_water_star, layout_loops_ring, minmay_misc_feat_rows
D:2:      kennysheep_big_flooded_room, layout_basic
D:3:      layout_loops_corners, lemuel_coloured_pillars_altar, item_on_display_a
D:4:      layout_rooms, nicolae_ossuary_entry_giza, minmay_mini_ossuary
Ossuary:  ossuary_the_hunt_dpeg

Skill      XL: |  1  2  3  4  5  6 |
---------------+-------------------+-----
Fighting       | 4 5 |  5.0
Staves         | 3 5 6 |  6.6
Armour         | |  3.2
Shields        | |  3.6

Action                   |  1- 3 |  4- 6 |  7- 9 || total
-------------------------+-------+-------+-------++-------
Melee: Quarterstaff      |   104 |   191 |    32 ||   327
 Abil: Dig               |       |     2 |       ||     2
  Use: Potion            |       |     1 |     2 ||     3
  Eat: Chunk             |       |     6 |     1 ||     7
Armor: Scale mail        |    40 |    73 |    29 ||   142
Dodge: Dodged            |    32 |    44 |    26 ||   102
Block: Shield            |    58 |    86 |    20 ||   164
